 Dungeon Crawl Stone Soup version 0.30-a0-636-g200c5c4a83 (webtiles) character file.

Game seed: 6227005808711423703

151 Bnni the Sneak (level 5, -2/28 HPs)
             Began as a Vine Stalker Brigand on Jan 15, 2023.
             Slain by an orc priest
             ... wielding a +0 hand axe
              (4 damage)
             ... on level 4 of the Dungeon.
             The game lasted 00:02:49 (2109 turns).

Bnni the Sneak (Vine Stalker Brigand)               Turns: 2109, Time: 00:02:50

Health: -2/28      AC: 10    Str: 13    XL:     5   Next: 33%
Magic:  0/6        EV:  5    Int: 11    God:
Gold:   137        SH:  0    Dex: 18    Spells: 4/4 levels left

rFire   . . .      SeeInvis .    v - +2 dagger (drain)
rCold   . . .      Faith    +    (no shield)
rNeg    + . .      Spirit   +    a - +0 chain mail
rPois   .          Reflect  .    (no helmet)
rElec   .          Harm     .    c - +0 cloak
rCorr   .          Rampage  .    (no gloves)
Will    .....                    m - +0 pair of boots Stlth
                                 q - amulet of faith
HPRegen 1.04/turn                p - ring of positive energy
MPRegen 0.10/turn                (no ring)

@: no status effects
A: fangs 2, regeneration 1, magic shield, antimagic bite, no potion heal 2
a: no special abilities


You were on level 4 of the Dungeon.
You visited 1 branch of the dungeon, and saw 4 of its levels.

You collected 137 gold pieces.

Inventory:

Hand Weapons
 u - a +0 dagger of venom
 v - a +2 dagger of draining (weapon)
Missiles
 d - 9 poisoned darts (quivered)
 e - 2 curare-tipped darts
Armour
 a - a +0 chain mail (worn)
 c - a +0 cloak (worn)
 m - a +0 pair of boots (worn)
Jewellery
 p - a ring of positive energy (left hand)
 q - an amulet of faith (around neck)
Scrolls
 b - a scroll of immolation {unknown}
 i - 3 scrolls of identify {unknown}
 j - a scroll of vulnerability {unknown}
 k - a scroll of enchant weapon {unknown}
 l - 2 scrolls of teleportation {unknown}
 r - a scroll of magic mapping {unknown}
Potions
 f - a potion of invisibility {unknown}
 g - 2 potions of attraction {unknown}
 n - a potion of might {unknown}
 o - a potion of mutation {unknown}
 s - a potion of magic {unknown}
 t - a potion of flight {unknown}


   Skills:
 + Level 3.1 Fighting
 * Level 4.1 Short Blades
 - Level 1.7 Throwing
 - Level 0.7 Dodging
 - Level 4.8 Stealth


You had 4 spell levels left.
You didn't know any spells.
Your spell library contained the following spells:

 Spells                   Type           Power      Damage    Failure   Level
 Freeze                   Ice            0%         1d3       100%        1
 Frozen Ramparts          Ice            0%         1d1       100%        3
 Hailstorm                Conj/Ice       0%         3d3       100%        3


Dungeon Overview and Level Annotations

Branches:
Dungeon (4/15)
 Temple: D:4-7

Altars:
Cheibriados
Dithmenos
Makhleb
Trog
Wu Jian
Xom


Innate Abilities, Weirdness & Mutations

You have extremely sharp teeth.
Your natural rate of healing is unusually fast.
When hurt, damage is shared between your health and your magic reserves.
Your bite disrupts and absorbs the magic of your enemies.
Potions cannot restore your health.


Message History

The orc priest calls down the wrath of Beogh upon you.
You struggle to resist.
The endoplasm barely misses you.
Throw: 3 darts (curare)
Press: ? - help, Shift-Dir - straight line, f - orc priest
Aim: an orc priest, wielding a +0 hand axe and wearing a +0 leather armour (62% to hit)
You throw a curare-tipped dart.
The curare-tipped dart hits the orc priest.
The orc priest is poisoned.
The orc priest convulses.
The orc priest seems to slow down.
The orc priest is heavily wounded.
You closely miss the orc priest. Your bite misses the orc priest.
The orc priest is heavily wounded.
The orc barely misses you. The endoplasm barely misses you.
The orc priest mumbles some strange prayers to Beogh against you.
Beogh smites you!
* * * LOW HITPOINT WARNING * * *
You hit the orc priest but do no damage.
You drain the orc priest. You bite the orc priest. You drain its power.
You feel invigorated.
The orc priest is almost dead.
The orc hits you but does no damage. The endoplasm freezes you.
You are frozen.
* * * LOW HITPOINT WARNING * * *
You hit the endoplasm. You bite the endoplasm. You drain its power.
You feel invigorated.
The endoplasm is heavily wounded.
The orc hits you with a +0 club.
* * * LOW HITPOINT WARNING * * *
The endoplasm hits you but does no damage.
The orc priest hits you but does no damage.
You hit the orc but do no damage.
The orc is severely wounded.
The orc hits you with a +0 club.
* * * LOW HITPOINT WARNING * * *
The endoplasm barely misses you.
You barely miss the endoplasm. Your bite misses the endoplasm.
The endoplasm is heavily wounded.
The orc priest hits you with a +0 hand axe.
You die...

....................
....................
....................
....................
....................
.######.+..#.[#..###
#........###....... .
#..J.##..###..##... ...
#.@o.###..#..###...
.....###o..##.....##....
......S.S...............
.........##.........##..
........####..._...####.
.........##.........##..
........................
...........##.....##....
)......... ##..#..###...


You could see an orc priest (very poisoned, slow, very drained), an adder, an
orc and an endoplasm.

Vanquished Creatures
  An iguana (D:3)
  An orc wizard (D:4)
  4 adders
  A shadow imp (D:3)
  2 worms
  A dart slug (D:2)
  3 ball pythons
  6 endoplasms
  7 goblins
  6 hobgoblins
  4 kobolds
  2 quokkas
  6 bats
  2 frilled lizards
  3 rats
49 creatures vanquished.

Notes
Turn   | Place    | Note
-------+----------+-------------------------------------------
     0 | D:1      | Bnni the Vine Stalker Brigand began the quest for the Orb.
     0 | D:1      | Reached XP level 1. HP: 11/11 MP: 2/2
   194 | D:1      | Reached XP level 2. HP: 13/15 MP: 3/3
   550 | D:2      | Found a snail-covered altar of Cheibriados.
   556 | D:2      | Found a faded altar of an unknown god.
   755 | D:2      | Reached XP level 3. HP: 15/18 MP: 4/4
  1340 | D:3      | Gained mutation: Your natural rate of healing is unusually
                  | fast. [Vine Stalker growth]
  1340 | D:3      | Reached XP level 4. HP: 23/23 MP: 5/5
  1571 | D:3      | Found a bloodstained altar of Trog.
  1575 | D:3      | Found a snail-covered altar of Cheibriados.
  1577 | D:3      | Found a burning altar of Makhleb.
  1594 | D:3      | Found an ornate altar of the Wu Jian Council.
  1601 | D:3      | Found a shimmering altar of Xom.
  1856 | D:3      | Reached XP level 5. HP: 28/28 MP: 6/6
  1955 | D:4      | Found a shadowy altar of Dithmenos.
  2106 | D:4      | HP: 1/28 [frozen (1)]
  2109 | D:4      | Slain by an orc priest

Illustrated notes

Levels and vault maps discovered:
D:1:      lemuel_arrival_muddy, layout_basic
D:2:      layout_basic, chequers_ecumenical_altar_simple_redux, basic_altar,
          nicolae_titane
D:3:      layout_basic, nicolae_overflow_hallway_of_the_gods,
          serial_bayou_pond_e, minmay_misc_feat_room
D:4:      layout_gridville, nicolae_dithmenos_shadow_blocks, serial_shops,
          nicolae_shop_advertising_works [nicolae_subvault_shop_adworks],
          ebering_ghost_sewer_f

Skill      XL: |  1  2  3  4  5 |
---------------+----------------+-----
Short Blades   | 2 3 4 |  4.1
Fighting       | 2 3 |  3.1
Throwing       | |  1.7
Dodging        | |  0.7
Stealth        | |  4.8

Action                   |  1- 3 |  4- 6 || total
-------------------------+-------+-------++-------
Melee: Dagger            |    78 |    81 ||   159
       Bite              |    16 |    26 ||    42
Throw: Dart              |       |     1 ||     1
 Stab: Sleeping          |     5 |     1 ||     6
Armor: Scale mail        |    30 |    16 ||    46
       Chain mail        |       |    13 ||    13
Dodge: Dodged            |    22 |    30 ||    52

Table legend: (Time is in decaauts)
 A = Elapsed time spent in this place.
 B = Non-inter-level travel time spent in this place.
 C = Inter-level travel time spent in this place.
 D = Time resting spent in this place.
 E = Time spent auto-exploring this place.
 F = Levels seen in this place.
 G = Mean time per level.
                   A        B        C        D        E       F      G
               +--------+--------+--------+--------+--------+-----+--------+
         Total |   2084 |   2002 |     82 |      0 |   1579 |   4 |  521.0 |
       Dungeon |   2084 |   2002 |     82 |      0 |   1579 |   4 |  521.0 |
               +--------+--------+--------+--------+--------+-----+--------+

Top non-repeatable levels by time:
     D:2: 694 daAuts
     D:3: 685 daAuts
     D:1: 548 daAuts
     D:4: 155 daAuts
